 Dungeon Crawl Stone Soup version 0.20.1-1-g8b1a95d (webtiles) character file.

438 vatarom the Blocker (level 7, -6/52 HPs)
             Began as a Formicid Fighter on Oct 24, 2017.
             Was an Initiate of Ru.
             Mangled by an ogre
             ... wielding a +0 giant spiked club
              (21 damage)
             ... on level 4 of the Dungeon.
             The game lasted 00:05:53 (2586 turns).

vatarom the Blocker (Formicid Fighter)              Turns: 2586, Time: 00:05:54

Health: -6/52      AC:  9    Str: 22    XL:     7   Next: 22%
Magic:  7/7        EV:  7    Int: 13    God:    Ru [......]
Gold:   258        SH: 11    Dex: 15    Spells: 6/6 levels left

rFire    . . .     SeeInvis +   a - +1 long sword
rCold    . . .     Gourm    .   c - +0 shield
rNeg     . . .     Faith    .   d - +0 chain mail
rPois    .         Spirit   .   (helmet unavailable)
rElec    .         Reflect  .   (no cloak)
rCorr    .         Harm     .   (no gloves)
MR       .....                  (no boots)
Stlth    ..........             (no amulet)
Regen    0.2/turn               j - +5 ring of dexterity
MPRegen  0.1/turn               (no ring)

@: brilliant
A: permanent stasis, dig shafts and tunnels, four strong arms, antennae 3
a: Dig, Shaft Self, Renounce Religion


You were on level 4 of the Dungeon.
You worshipped Ru.
Ru was noncommittal.
You were not hungry.

You visited 1 branch of the dungeon, and saw 4 of its levels.

You collected 258 gold pieces.

Inventory:

Hand Weapons
 a - a +1 long sword (weapon)
 g - a +3 long sword of holy wrath
Missiles
 l - 6 javelins (quivered)
Armour
 c - a +0 shield (worn)
 d - a +0 chain mail (worn)
 k - a +0 ring mail
Jewellery
 e - an uncursed ring of ice
 j - a +5 ring of dexterity (left hand)
Scrolls
 i - a scroll of fear
Potions
 h - a potion of magic
Comestibles
 f - 4 bread rations
 m - 5 chunks of flesh


   Skills:
 - Level 3.2 Fighting
 + Level 4.1 Long Blades
 - Level 3.2 Armour
 * Level 8.0 Shields


You had 6 spell levels left.
You didn't know any spells.

Dungeon Overview and Level Annotations

Branches:
Dungeon (4/15)
 Temple: D:4-7

Altars:
Cheibriados
Elyvilon
Fedhas
Gozag
Hepliaklqana
Ru

Annotations:
D:4 Jazqa's ghost, amateur KoHu


Innate Abilities, Weirdness & Mutations

You cannot be hasted, slowed, berserked, paralysed or teleported.
You can dig through walls and to a lower floor.
Your four strong arms can wield two-handed weapons with a shield.
You have a pair of large antennae on your head. (SInv)


Message History

You are too injured to fight recklessly!
You are too injured to fight recklessly!
It was a potion of brilliance.
You feel clever all of a sudden. You block the ogre's attack.
Unknown command.
You aren't carrying any items that you can evoke.
You hit the ogre but do no damage.
The ogre is lightly wounded.
The ogre hits you but does no damage.
Unknown command.
You slash the ogre!
The ogre is severely wounded.
Jazqa's ghost (amateur Kobold Hunter) comes into view.
Unknown command.
You barely miss the ogre.
The ogre is severely wounded.
Jazqa's ghost turns its malevolent gaze towards you.
The ogre hits you with a giant spiked club!!
You die...

## #................... .#
#######...###....#### .#
#....##...........
.####....##..#######.#
....#....##..#
....#....##..##########
.........'............###.
.........######O.......W..
.........##.....@.........
.....######.#.............
.....# #.#.#..รท........
.###.# #.#.##......###
.....# #.#.##.######
###### #.#.##.# # #.#.##.#
# #.#.##.# # #.#.##.#


You could see an ogre and Jazqa's ghost.

Vanquished Creatures
  Grinder (D:3)
  An orc priest (D:4)
  2 orc wizards (D:3)
  3 gnolls (D:3)
  A howler monkey skeleton (D:4)
  3 adders
  2 dart slugs
  4 leopard geckos
  9 orcs
  3 giant cockroaches
  6 goblins
  5 hobgoblins
  6 jackals
  A quokka (D:3)
  6 bats
  3 frilled lizards
  4 kobolds
  6 rats
66 creatures vanquished.

Notes
Turn   | Place    | Note
-------+----------+-------------------------------------------
     0 | D:1      | vatarom the Formicid Fighter began the quest for the Orb.
     0 | D:1      | Reached XP level 1. HP: 18/18 MP: 1/1
    30 | D:1      | Reached skill level 4 in Shields
    32 | D:1      | Reached XP level 2. HP: 24/24 MP: 2/2
   301 | D:1      | Reached XP level 3. HP: 28/29 MP: 3/3
   661 | D:2      | Reached skill level 5 in Shields
   941 | D:2      | Reached XP level 4. HP: 30/35 MP: 4/4
  1486 | D:3      | Reached XP level 5. HP: 13/41 MP: 5/5
  1693 | D:3      | Found a sacrificial altar of Ru.
  1811 | D:3      | Reached skill level 6 in Shields
  1891 | D:3      | Noticed Grinder
  1900 | D:3      | Killed Grinder
  1900 | D:3      | Reached skill level 7 in Shields
  1900 | D:3      | Reached XP level 6. HP: 21/47 MP: 6/6
  1900 | D:3      | Reached XP level 7. HP: 23/52 MP: 7/7
  2041 | D:3      | Found a white marble altar of Elyvilon.
  2047 | D:3      | Found a hazy altar of Hepliaklqana.
  2049 | D:3      | Found a blossoming altar of Fedhas.
  2049 | D:3      | Found an opulent altar of Gozag.
  2065 | D:3      | Found a snail-covered altar of Cheibriados.
  2310 | D:3      | Became a worshipper of Ru the Awakened
  2464 | D:4      | Reached skill level 8 in Shields
  2586 | D:4      | Noticed Jazqa's ghost (amateur KoHu)
  2586 | D:4      | Mangled by an ogre

Skill      XL: |  1  2  3  4  5  6  7 |
---------------+----------------------+-----
Shields        | 4 5 7 8 |  8.0
Long Blades    | 4 |  4.1
Fighting       | |  3.2
Armour         | |  3.2

Action                   |  1- 3 |  4- 6 |  7- 9 || total
-------------------------+-------+-------+-------++-------
Melee: Long sword        |    99 |    93 |    52 ||   244
  Use: Scroll            |     6 |     3 |       ||     9
       Potion            |       |     3 |     1 ||     4
  Eat: Chunk             |       |     4 |     2 ||     6
Armor: Scale mail        |    35 |    15 |       ||    50
       Chain mail        |       |    14 |    12 ||    26
Dodge: Dodged            |    35 |    22 |    12 ||    69
Block: Shield            |    56 |    67 |    30 ||   153
       Rpst.: Long sword |     8 |     5 |     5 ||    18
